Map: Winter Madness LE

Players

Admin

  • Race: Terran Terran
  • League: Master

李雾月 - Winner!

  • Race: Terran Terran
  • League: Grandmaster

VOD

Have the link to the VOD?

Description

Time

  • Played on: Jan. 24, 2026, 12:07 a.m.
  • Length: 10:38
Show
View Real Time Build Order
Export as new Build Order

Admin Terran 

Build Orders:  

Get SALT Encoding   

  12  0:00  SCV  
  13  0:12  SCV  
  14  0:16  Supply Depot  
  14  0:24  SCV  
  14  0:28  Refinery  
  15  0:38  SCV  
  16  0:44  Barracks  
  16  0:50  SCV  
  16  0:53  Refinery  
  17  1:02  SCV  
  18  1:14  SCV  
  19  1:30  Orbital Command  
  19  1:31  Reaper  
  20  1:34  Factory  
  20  1:45  Supply Depot  
  20  1:56  SCV  
  21  2:03  Reaper  
  21  2:08  SCV  
  23  2:17  Hellion  
  23  2:20  SCV  
  26  2:25  Command Center  
  26  2:29  Supply Depot  
  26  2:33  SCV  
  26  2:35  Reaper  
  28  2:39  Hellion  
  30  2:46  SCV  
  30  2:51  Starport  
  31  2:58  SCV  
  32  3:01  Factory Tech Lab  
  32  3:06  Refinery  
  32  3:07  Barracks Reactor  
  32  3:10  SCV  
  32  3:28  Cyclone, Starport Tech Lab  
  32  3:30  SCV  
  36  3:37  Orbital Command  
  36  3:42  SCV  
  36  3:44  Marine  
  36  3:45  Marine  
  41  3:48  Raven  
  41  3:54  SCV  
  42  4:00  Siege Tank  
  42  4:02  Marine x2  
  45  4:03  SCV  
  45  4:08  SCV, Supply Depot  
  49  4:11  Interference Matrix  
  49  4:15  SCV  
  50  4:22  Marine x2, Supply Depot  
  52  4:24  Raven  
  52  4:30  SCV x2  
  54  4:40  Siege Tank, Marine x2  
  54  4:42  SCV  
  54  4:43  SCV  
  54  4:45  Supply Depot  
  61  4:54  SCV  
  61  4:58  Marine x2  
  64  5:00  Raven  
  64  5:06  Command Center  
  66  5:09  SCV  
  66  5:10  SCV  
  68  5:14  Supply Depot  
  68  5:18  Siege Tank  
  71  5:25  SCV x2  
  73  5:31  Refinery  
  73  5:37  SCV  
  73  5:41  SCV  
  73  5:44  Viking x2, Supply Depot  
  73  5:49  SCV  
  78  5:50  Siege Tank  
  78  5:53  SCV  
  80  6:12  Marine  
  77  6:18  SCV x2  
  77  6:19  Viking x2  
  80  6:30  Marine, SCV  
  80  6:32  Siege Tank  
  85  6:33  Orbital Command  
  85  6:34  SCV  
  85  6:37  Barracks  
  85  6:38  Barracks  
  85  6:42  SCV  
  85  6:46  SCV  
  87  6:49  Stimpack, Viking  
  88  6:55  SCV  
  88  7:00  SCV  
  80  7:04  Siege Tank  
  80  7:07  Orbital Command  
  82  7:12  SCV x2  
  84  7:21  Viking x2  
  88  7:24  SCV x2  
  88  7:25  Barracks Reactor  
  90  7:32  SCV  
  90  7:33  Barracks Reactor  
  90  7:34  Marine  
  90  7:36  SCV  
  93  7:38  Engineering Bay  
  93  7:39  Engineering Bay  
  93  7:40  Supply Depot  
  93  7:43  SCV  
  94  7:44  SCV  
  94  7:45  Siege Tank  
  94  7:48  SCV  
  76  8:02  Marine x2  
  76  8:03  Marine, Medivac x2  
  73  8:08  SCV x2  
  73  8:10  Marine x2  
  73  8:12  Terran Infantry Weapons Level 1, SCV  
  78  8:15  Refinery  
  78  8:17  Terran Infantry Armor Level 1  
  78  8:19  Refinery  
  78  8:20  SCV x2  
  78  8:24  Barracks  
  78  8:26  Barracks  
  80  8:31  Marine x2, Combat Shield  
  80  8:33  Marine x3  
  80  8:34  SCV x2  
  87  8:36  Supply Depot  
  87  8:40  Siege Tank, SCV  
  91  8:46  SCV x2  
  93  8:51  Marine x3  
  96  8:57  Command Center  
  96  8:58  Marine x2  
  96  9:01  Medivac  
  96  9:02  SCV x2  
  102  9:08  Marine  
  102  9:09  Marine x2, Sensor Tower  
  103  9:11  Medivac  
  103  9:12  SCV  
  103  9:14  SCV x2  
  103  9:15  Barracks Reactor, Armory  
  103  9:16  Barracks Reactor  
  98  9:25  SCV  
  98  9:30  Marine  
  98  9:31  Marine x4  
  103  9:32  Siege Tank, Medivac, SCV  
  108  9:42  Medivac  
  100  9:48  Marine x3  
  100  9:51  Marine x3  
  100  9:52  Marine  
  107  9:55  Marine  
  108  10:02  Factory  
  108  10:03  Armory  
  108  10:06  Marine  
  109  10:07  Barracks Reactor  
  109  10:09  Marine x2  
  109  10:12  Marine  
  109  10:13  Marine x4  
  116  10:18  Supply Depot  
  119  10:23  Barracks x2  
Show
View Real Time Build Order
Export as new Build Order

李雾月 Terran - Winner!

Build Orders:  

Get SALT Encoding   

  12  0:00  SCV  
  13  0:12  SCV  
  14  0:17  Supply Depot  
  14  0:24  SCV  
  15  0:38  SCV  
  15  0:40  Barracks  
  16  0:42  Refinery  
  16  0:50  SCV  
  16  0:54  Refinery  
  17  1:02  SCV  
  18  1:15  SCV  
  19  1:27  Reaper, Orbital Command  
  19  1:28  Supply Depot  
  20  1:40  Factory  
  20  1:53  SCV  
  21  2:00  Barracks Reactor  
  21  2:05  SCV  
  22  2:16  Command Center  
  22  2:18  SCV  
  23  2:25  Hellion  
  25  2:30  Supply Depot  
  25  2:31  SCV  
  27  2:37  Reaper x2  
  27  2:44  SCV  
  29  2:47  Hellion  
  31  2:56  SCV, Starport  
  32  3:08  SCV, Factory Tech Lab  
  32  3:09  Marine x2  
  35  3:20  SCV  
  35  3:26  Marine  
  35  3:27  Marine  
  37  3:28  Siege Tank  
  37  3:33  Orbital Command  
  41  3:35  Medivac  
  41  3:39  SCV  
  44  3:45  Marine x2  
  46  3:49  Supply Depot  
  46  3:51  SCV  
  46  3:55  Refinery  
  47  4:00  Cyclone  
  47  4:02  SCV  
  51  4:08  Viking  
  53  4:10  SCV  
  53  4:13  Marine x2  
  53  4:15  SCV  
  57  4:20  Supply Depot  
  57  4:22  SCV  
  58  4:30  Marine x2  
  60  4:34  Siege Tank  
  56  4:40  SCV x2  
  53  4:46  Liberator  
  53  4:48  Marine x2  
  53  4:49  Supply Depot  
  53  4:52  SCV x2  
  60  5:04  SCV  
  60  5:06  Siege Tank, Marine x2  
  66  5:09  SCV  
  67  5:16  SCV  
  69  5:21  SCV  
  69  5:22  Command Center  
  71  5:31  SCV  
  71  5:33  SCV  
  71  5:34  Barracks Tech Lab  
  71  5:37  Supply Depot, Viking  
  71  5:38  Siege Tank, Viking  
  78  5:43  Supply Depot  
  78  5:53  Supply Depot  
  78  5:58  SCV  
  78  5:59  Marine  
  78  6:01  SCV  
  80  6:10  Siege Tank, SCV  
  79  6:13  SCV  
  79  6:17  Marine  
  75  6:20  Viking  
  75  6:21  Viking  
  75  6:22  SCV  
  77  6:25  SCV  
  77  6:32  Barracks x2  
  74  6:35  Marine  
  74  6:36  SCV  
  74  6:37  SCV  
  77  6:41  Refinery  
  77  6:42  Engineering Bay x2, Siege Tank  
  77  6:44  Barracks  
  77  6:45  Barracks  
  80  6:48  Orbital Command, SCV  
  80  6:52  Marine  
  80  6:57  SCV  
  80  7:00  SCV  
  75  7:06  Viking x2  
  75  7:08  Stimpack  
  79  7:09  SCV  
  79  7:10  Marine  
  79  7:12  SCV  
  79  7:14  Siege Tank  
  85  7:19  SCV  
  85  7:21  SCV, Terran Infantry Weapons Level 1  
  88  7:24  Marine x2, SCV  
  88  7:28  Marine  
  91  7:31  SCV  
  91  7:35  SCV  
  91  7:37  SCV, Refinery x2  
  94  7:38  Viking  
  94  7:42  Marine x2  
  100  7:46  Marine  
  100  7:47  Barracks Reactor x2  
  94  7:58  Siege Tank  
  83  7:59  SCV  
  83  8:00  Marine x2  
  83  8:04  Marine  
  81  8:11  SCV x3  
  84  8:14  Medivac  
  84  8:15  Medivac  
  90  8:21  Marine  
  90  8:23  SCV x3, Supply Depot  
  90  8:24  Armory, Supply Depot  
  94  8:27  Sensor Tower  
  94  8:28  Marine  
  94  8:29  Marine  
  94  8:30  Marine x2  
  94  8:33  Barracks Reactor  
  94  8:34  Barracks Reactor  
  96  8:35  SCV x2, Siege Tank  
  96  8:39  Marine  
  102  8:46  Marine x2  
  102  8:47  Marine  
  102  8:48  Marine  
  106  8:49  Supply Depot  
  106  8:51  Supply Depot  
  105  8:57  Marine  
  105  8:59  Viking x2  
  105  9:00  Supply Depot  
  110  9:04  Marine x2  
  110  9:05  Marine x2  
  110  9:07  Siege Tank  
  110  9:08  Engineering Bay  
  115  9:11  Engineering Bay, Marine x2  
  115  9:13  Marine x2  
  115  9:15  Marine  
  118  9:22  Marine x2  
  118  9:23  Marine x2  
  121  9:28  Supply Depot  
  121  9:29  Marine x2  
  121  9:31  Marine x2  
  125  9:33  Marine  
  125  9:37  Medivac x2  
  129  9:39  Siege Tank  
  129  9:40  Marine x2  
  129  9:41  Marine x2  
  126  9:47  Marine x2  
  126  9:48  Marine  
  126  9:49  Marine  
  126  9:52  Command Center  
  131  9:59  Refinery, Marine  
  131  10:00  Marine x3  
  131  10:01  Marine  
  131  10:05  Marine  
  136  10:07  Marine, Medivac x2  
  136  10:08  Marine  
  136  10:09  Marine  
  143  10:17  Marine  
Tags
 
Add a new tag
Caveats
  • Supply blocks, unpowered buildings, or Contaminate may cause inaccurate times.
  • Supply counts are checked every 10 seconds.